 Dungeon Crawl Stone Soup version 0.28.0-53-g5a82cb258f (webtiles) character file.

Game seed: 10912006594896190147

8908 Renzlar the Blocker (level 11, -1/89 HPs)
             Began as a Gnoll Fighter on Aug 17, 2022.
             Was a Priest of Okawaru.
             Slain by a seven-headed hydra (6 damage)
             ... on level 1 of the Lair of Beasts on Aug 18, 2022.
             The game lasted 00:40:45 (15052 turns).

Renzlar the Blocker (Gnoll Fighter)                Turns: 15052, Time: 00:40:45

Health: -1/89      AC: 19    Str: 20    XL:     11   Next: 38%
Magic:  19/20      EV: 11    Int:  8    God:    Okawaru [***...]
Gold:   621        SH:  7    Dex: 11    Spells: 20/22 levels left

rFire   . . .      SeeInvis .   e - +2 trident (vorpal)
rCold   . . .      Faith    .   c - +0 buckler
rNeg    . . .      Spirit   .   p - +0 chain mail
rPois   .          Reflect  .   k - +0 helmet
rElec   .          Harm     .   y - +1 cloak {rCorr}
rCorr   +          Rampage  .   (no gloves)
Will    .....                   m - +0 pair of boots
Stlth   ++........              (no amulet)
HPRegen 0.24/turn               g - +4 ring of slaying
MPRegen 0.17/turn               (no ring)

@: heroic
A: fangs 1, strong nose, distributed training
a: Renounce Religion, Heroism


You were on level 1 of the Lair of Beasts.
You worshipped Okawaru.
Okawaru was most pleased with you.
You visited 3 branches of the dungeon, and saw 14 of its levels.

You collected 621 gold pieces.

Inventory:

Hand Weapons
 a - a +1 vampiric war axe
 d - a +2 dagger of freezing
 e - a +2 vorpal trident (weapon)
 t - a +1 short sword of draining
Missiles
 h - 235 stones
 j - 29 poisoned darts
 r - 57 bolts
 x - 3 throwing nets
 B - 40 sling bullets
 H - 3 boomerangs (quivered)
Armour
 c - a +0 buckler (worn)
 k - a +0 helmet (worn)
 m - a +0 pair of boots (worn)
 p - a +0 chain mail (worn)
 y - a +1 cloak of preservation (worn)
 E - +0 acid dragon scales
Jewellery
 f - a +6 ring of intelligence
 g - a +4 ring of slaying (left hand)
 C - a ring of resist corrosion
Wands
 z - a wand of mindburst (23)
 D - a wand of flame (13)
 I - a wand of iceblast (5)
Scrolls
 b - a scroll of identify
 l - 3 scrolls of fog
 o - 2 scrolls of fear
 q - a scroll of magic mapping
 s - a scroll of blinking
 w - a scroll of amnesia
Potions
 i - 2 potions of mutation
 n - a potion of invisibility
 u - 6 potions of heal wounds
 v - 2 potions of lignification
 A - a potion of cancellation
 F - a potion of haste
 G - 2 potions of flight


   Skills:
 + Level 9.1(14.1) Fighting
 + Level 6.2(11.2) Short Blades
 + Level 6.2(11.2) Long Blades
 + Level 7.8(12.8) Axes
 + Level 6.2(11.2) Maces & Flails
 + Level 6.2(11.2) Polearms
 + Level 6.2(11.2) Staves
 + Level 6.2(11.2) Slings
 + Level 6.2(11.2) Bows
 + Level 6.2(11.2) Crossbows
 + Level 6.2(11.2) Throwing
 + Level 9.1(14.1) Armour
 + Level 6.2(11.2) Dodging
 + Level 6.2(11.2) Stealth
 + Level 9.1(14.1) Shields
 + Level 6.2(11.2) Unarmed Combat
 + Level 6.2 Spellcasting
 + Level 5.1 Conjurations
 + Level 5.1 Hexes
 + Level 5.1 Summonings
 + Level 5.1 Necromancy
 + Level 5.1 Translocations
 + Level 5.1 Transmutations
 + Level 5.1 Fire Magic
 + Level 5.1 Ice Magic
 + Level 5.1 Air Magic
 + Level 5.1 Earth Magic
 + Level 5.1 Poison Magic
 + Level 6.8 Invocations
 + Level 6.2 Evocations


You had 20 spell levels left.
You knew the following spells:

 Your Spells              Type           Power      Damage    Failure   Level
a - Wereblood             Tmut           10%        N/A       26%         2

Your spell library contained the following spells:

 Spells                   Type           Power      Damage    Failure   Level
 Magic Dart               Conj           40%        1d5       19%         1
 Searing Ray              Conj           20%        2d5       26%         2
 Static Discharge         Conj/Air       10%        N/A       26%         2
 Sublimation of Blood     Necr           10%        N/A       26%         2
 Gell's Gravitas          Tloc           10%        N/A       47%         3
 Ozocubu's Armour         Ice            10%        N/A       47%         3
 Teleport Other           Tloc           10%        N/A       47%         3
 Fulminant Prism          Conj/Hex       5%         3d7       87%         4
 Fireball                 Conj/Fire      5%         3d5       99%         5
 Iskenderun's Battlesphe  Conj           10%        2d6       99%         5
 Lightning Bolt           Conj/Air       5%         1d17      99%         5
 Metabolic Englaciation   Hex/Ice        5%         N/A       99%         5
 Conjure Ball Lightning   Conj/Air       5%         3x3d6     100%        6
 Dispersal                Tloc           5%         N/A       100%        6
 Orb of Destruction       Conj           5%         9d5       100%        7
 Maxwell's Capacitive Co  Air            5%         ∞         100%        8
 Simulacrum               Ice/Necr       Unusable   N/A       N/A         6
 Summon Hydra             Summ           Unusable   N/A       N/A         7

Dungeon Overview and Level Annotations

Branches:
Dungeon (11/15)            Temple (1/1) D:7            Lair (2/6) D:11
  Swamp: Lair:2-4    Shoals: Lair:2-4     Snake: Lair:2-4    Spider: Lair:2-4
    Orc: D:9-12

Altars:
Ashenzari
Dithmenos
Elyvilon
Fedhas
Gozag
Hepliaklqana
Kikubaaqudgha
Makhleb
Nemelex Xobeh
Okawaru
Qazlal
Ru
Sif Muna
Trog
Uskayaw
Vehumet
Wu Jian
Xom
Yredelemnul
Zin
The Shining One

Shops:
D:3 [   D:4 *   D:6 *

Annotations:
Lair:1 Fannar


Innate Abilities, Weirdness & Mutations

You have very sharp teeth.
Your uncanny sense of smell can sniff out nearby items.
Your experience applies equally to all skills.


Message History

The seven-headed hydra bites you but does no damage.
You block the seven-headed hydra's attack.
The seven-headed hydra bites you but does no damage.
You puncture the seven-headed hydra!
The seven-headed hydra is heavily wounded.
The blink frog closely misses you.
The blink frog blinks!
The seven-headed hydra bites you!
The seven-headed hydra bites you but does no damage. x2
You block the seven-headed hydra's attack.
The seven-headed hydra bites you but does no damage.
The seven-headed hydra bites you!
You block the seven-headed hydra's attack.
You puncture the seven-headed hydra!
Your bite misses the seven-headed hydra.
The seven-headed hydra is severely wounded.
The blink frog blinks!
The blink frog misses you.
Unknown command.
You hit the seven-headed hydra.
The seven-headed hydra is severely wounded.
The blink frog blinks!
The seven-headed hydra bites you.
* * * LOW HITPOINT WARNING * * *
You block the seven-headed hydra's attack.
The seven-headed hydra bites you but does no damage. x3
The seven-headed hydra misses you. The seven-headed hydra bites you!
* * * LOW HITPOINT WARNING * * *
The blink frog blinks!
Unknown command.
You puncture the seven-headed hydra!
The seven-headed hydra is almost dead.
The blink frog hits you but does no damage.
You block the seven-headed hydra's attack.
The seven-headed hydra closely misses you.
The seven-headed hydra misses you.
The seven-headed hydra bites you but does no damage.
The seven-headed hydra bites you.
* * * LOW HITPOINT WARNING * * *
The seven-headed hydra bites you.
* * * LOW HITPOINT WARNING * * *
The seven-headed hydra bites you.
You die...

...#....§..F...
.....?..F....
#........... .
#.F..§...... ..
#..§## ...#
##.#.#
#F.#.⌠.## ∆
#.FD..#
∆+..@†⌠#
.......FF.#
#...#..⌠..#
....##......
... .......# ..
#.......#
#.......#
........#


You could see a seven-headed hydra and 5 blink frogs.

Vanquished Creatures
  An ugly thing (D:11)
  A gargoyle (D:11)
  An unseen horror (D:11)
  A komodo dragon (D:11)
  A troll (D:10)
  A wraith (D:11)
  A vampire (D:9)
  5 yaks
  3 wyverns
  Grum (D:10)
  2 steam dragons
  5 vampire mosquitoes
  Menkaure (D:7)
  2 acid dragons
  3 water moccasins
  4 orc warriors
  An ice beast (D:6)
  3 hornet zombies
  2 black bears
  2 necrophages
  2 wolves (D:9)
  An ogre (D:5)
  4 centaurs
  A kobold brigand (D:9)
  2 bullfrogs
  A gnoll sergeant (D:10)
  3 scorpions
  2 water moccasin skeletons
  5 crimson imps (D:10)
  5 centaur zombies
  A bullfrog zombie (D:6)
  3 orc priests
  A bullfrog skeleton (D:7)
  2 gnoll shamans
  4 hounds
  2 jellies (D:6)
  9 orc wizards
  6 iguanas
  A killer bee zombie (D:4)
  2 hound skeletons (D:4)
  7 adders
  16 gnolls
  A shadow imp (D:5)
  4 white imps (D:10)
  An ufetubus (D:5)
  3 worms
  2 dart slugs
  25 orcs
  5 endoplasms
  3 giant cockroaches
  10 goblins
  7 hobgoblins
  3 jackals (D:4)
  6 quokkas
  8 ball pythons
  6 bats
  5 frilled lizards
  12 kobolds
  6 rats
228 creatures vanquished.

Vanquished Creatures (others)
  An angel (D:5)
  An orc wizard (D:11)
  An orc (D:9)
  26 plants (D:4)
29 creatures vanquished.

Grand Total: 257 creatures vanquished

Notes
Turn   | Place    | Note
-------+----------+-------------------------------------------
     0 | D:1      | Renzlar the Gnoll Fighter began the quest for the Orb.
     0 | D:1      | Reached XP level 1. HP: 23/23 MP: 1/1
   104 | D:1      | Reached XP level 2. HP: 29/29 MP: 2/2
   232 | D:1      | Found a faded altar of an unknown god.
  1323 | D:2      | Reached XP level 3. HP: 31/35 MP: 3/3
  1744 | D:2      | Reached skill level 1 in Invocations
  2260 | D:3      | Reached skill level 1 in Short Blades
  2260 | D:3      | Reached skill level 1 in Long Blades
  2260 | D:3      | Reached skill level 1 in Maces & Flails
  2260 | D:3      | Reached skill level 1 in Polearms
  2260 | D:3      | Reached skill level 1 in Staves
  2260 | D:3      | Reached skill level 1 in Slings
  2260 | D:3      | Reached skill level 1 in Bows
  2260 | D:3      | Reached skill level 1 in Crossbows
  2260 | D:3      | Reached skill level 1 in Throwing
  2260 | D:3      | Reached skill level 1 in Dodging
  2260 | D:3      | Reached skill level 1 in Stealth
  2260 | D:3      | Reached skill level 1 in Unarmed Combat
  2260 | D:3      | Reached skill level 1 in Spellcasting
  2260 | D:3      | Reached skill level 1 in Evocations
  2274 | D:3      | Reached XP level 4. HP: 25/41 MP: 5/5
  2431 | D:3      | Reached skill level 1 in Conjurations
  2431 | D:3      | Reached skill level 1 in Hexes
  2431 | D:3      | Reached skill level 1 in Summonings
  2431 | D:3      | Reached skill level 1 in Necromancy
  2431 | D:3      | Reached skill level 1 in Translocations
  2431 | D:3      | Reached skill level 1 in Transmutations
  2431 | D:3      | Reached skill level 1 in Fire Magic
  2431 | D:3      | Reached skill level 1 in Ice Magic
  2431 | D:3      | Reached skill level 1 in Air Magic
  2431 | D:3      | Reached skill level 1 in Earth Magic
  2431 | D:3      | Reached skill level 1 in Poison Magic
  2707 | D:3      | Reached XP level 5. HP: 47/47 MP: 6/6
  2938 | D:3      | Found Ucijufel's Antique Armour Shop.
  3401 | D:4      | Found a blossoming altar of Fedhas.
  3420 | D:4      | Reached XP level 6. HP: 34/53 MP: 8/8
  3565 | D:4      | Noticed a black bear
  3586 | D:4      | Killed a black bear
  3587 | D:4      | Reached skill level 5 in Axes
  3850 | D:4      | Found Bommis's Lightly-Used Armoury.
  3982 | D:4      | Reached XP level 7. HP: 49/59 MP: 10/10
  4726 | D:5      | Entered Level 5 of the Dungeon
  5388 | D:5      | Found a shimmering altar of Xom.
  5388 | D:5      | Found a glowing silver altar of Zin.
  5388 | D:5      | Noticed an angel
  5626 | D:5      | Reached XP level 8. HP: 66/67 MP: 12/12
  5773 | D:5      | Killed an angel
  6039 | D:5      | Found a sparkling altar of Nemelex Xobeh.
  7169 | D:6      | Found a hazy altar of Hepliaklqana.
  7221 | D:6      | Reached XP level 9. HP: 16/73 MP: 14/14
  7568 | D:6      | Found Zoky's Fire Supplies.
  7592 | D:6      | Found a shadowy altar of Dithmenos.
  7771 | D:6      | Learned a level 2 spell: Wereblood
  8066 | D:7      | Found a staircase to the Ecumenical Temple.
  8085 | Temple   | Entered the Ecumenical Temple
  8188 | Temple   | Became a worshipper of Warmaster Okawaru
  8565 | D:7      | Noticed Menkaure
  8573 | D:7      | Killed Menkaure
  8947 | D:7      | Reached * piety under Okawaru
  9192 | D:7      | Found a glowing golden altar of the Shining One.
  9355 | D:7      | Found a radiant altar of Vehumet.
  9363 | D:7      | Found an opulent altar of Gozag.
  9445 | D:7      | Found a white marble altar of Elyvilon.
  9872 | D:8      | Reached skill level 5 in Invocations
  9958 | D:8      | Found a stormy altar of Qazlal.
 10474 | D:8      | Noticed a lindwurm
 10474 | D:8      | Noticed a lindwurm
 10498 | D:8      | Noticed a lindwurm
 10630 | D:9      | Reached XP level 10. HP: 65/80 MP: 17/17
 10762 | D:9      | Found a broken altar of Ashenzari.
 11210 | D:9      | Reached skill level 5 in Short Blades
 11210 | D:9      | Reached skill level 5 in Long Blades
 11210 | D:9      | Reached skill level 5 in Maces & Flails
 11210 | D:9      | Reached skill level 5 in Polearms
 11210 | D:9      | Reached skill level 5 in Staves
 11210 | D:9      | Reached skill level 5 in Slings
 11210 | D:9      | Reached skill level 5 in Bows
 11210 | D:9      | Reached skill level 5 in Crossbows
 11210 | D:9      | Reached skill level 5 in Throwing
 11210 | D:9      | Reached skill level 5 in Dodging
 11210 | D:9      | Reached skill level 5 in Stealth
 11210 | D:9      | Reached skill level 5 in Unarmed Combat
 11210 | D:9      | Reached skill level 5 in Spellcasting
 11210 | D:9      | Reached skill level 5 in Evocations
 11234 | D:9      | Reached ** piety under Okawaru
 11510 | D:9      | Found a bloodstained altar of Trog.
 12056 | D:10     | Entered Level 10 of the Dungeon
 12412 | D:10     | Noticed Grum
 12489 | D:10     | Killed Grum
 12889 | D:10     | Reached *** piety under Okawaru
 13066 | D:10     | Found a blossoming altar of Fedhas.
 13498 | D:11     | Reached XP level 11. HP: 64/87 MP: 19/19
 13854 | D:11     | Noticed a cyan ugly thing
 13869 | D:11     | Killed a cyan ugly thing
 13881 | D:11     | Reached skill level 5 in Conjurations
 13881 | D:11     | Reached skill level 5 in Hexes
 13881 | D:11     | Reached skill level 5 in Summonings
 13881 | D:11     | Reached skill level 5 in Necromancy
 13881 | D:11     | Reached skill level 5 in Translocations
 13881 | D:11     | Reached skill level 5 in Transmutations
 13881 | D:11     | Reached skill level 5 in Fire Magic
 13881 | D:11     | Reached skill level 5 in Ice Magic
 13881 | D:11     | Reached skill level 5 in Air Magic
 13881 | D:11     | Reached skill level 5 in Earth Magic
 13881 | D:11     | Reached skill level 5 in Poison Magic
 13893 | D:11     | Reached **** piety under Okawaru
 14171 | D:11     | Received a gift from Okawaru
 14191 | D:11     | Found a staircase to the Lair.
 14869 | Lair:1   | Entered Level 1 of the Lair of Beasts
 14887 | Lair:1   | You fall into a shaft and drop 1 floor!
 15038 | Lair:1   | Noticed a seven-headed hydra
 15038 | Lair:1   | Noticed Fannar
 15052 | Lair:1   | Slain by a seven-headed hydra

Illustrated notes

Levels and vault maps discovered:
D:1:      lemuel_arrival_rhombus, layout_basic,
          shapermc_ecumenical_altar_hornbeckon, minmay_close_crescents
D:2:      layout_loops_ring, minmay_splitting_lines, bh_walls_and_bars
D:3:      layout_loops_ring, cheibrodos_sewer_entry_bend, serial_shops, shop,
          minmay_misc_feat_encased
D:4:      wad_woods_stonehenge, layout_basic, minmay_shop_damaged,
          minmay_starry_boxes
D:5:      layout_basic, grunt_temple_overflow_order_and_chaos_1,
          nemelex_dance_club_becter
D:6:      layout_gridville, nicolae_hepliaklqana_hazy_memory,
          lemuel_crystal_altar, hangedman_glass_teeth, nicolae_shop_fire_sale
          [nicolae_sub_dead_trees], hangedman_abyss_or_decor_lesser_grid
D:7:      layout_loops_ring, tso_altar, pf_just_have_faith,
          amethyst_overflow_temple_binary, minmay_temple_entry_drinking_statues,
          minmay_misc_feat_hallway, solitary_fountain, uniq_menkaure
D:8:      layout_gridville, nicolae_qazlal_general_emergency,
          mrwooster_statue_mirror, minmay_lindwurm_lava
D:9:      layout_grid_maze, trog_book, mainiacjoe_overflow_catwalk,
          corexii_hall_statues_i
D:10:     layout_cave_pools, fedhas_altar_fruit_tree, minmay_nine_imps,
          uniq_grum
D:11:     layout_layer_cave, lair_entry_dummy
Temple:   nicolae_temple_figure_zero
Lair:1:   layout_long_grid, serial_bayou_shore_b, grunt_megastairs_1,
          lemuel_fruit_fields, uniq_fannar, uniq_joseph, uniq_urug
Lair:2:   wander_river, layout_big_grid, elwin_shoals_entry_rooms,
          chequers_serial_rivers_micro_d, nicolae_lair_run_with_the_wolves,
          serial_bayou_shore_b

Skill      XL: |  1  2  3  4  5  6  7  8  9 10 11 |
---------------+----------------------------------+-----
Invocations    | 1 2 3 4 5 6 |  6.8
Short Blades   | 1 2 3 4 5 6 |  6.2
Long Blades    | 1 2 3 4 5 6 |  6.2
Maces & Flails | 1 2 3 4 5 6 |  6.2
Polearms       | 1 2 3 4 5 6 |  6.2
Staves         | 1 2 3 4 5 6 |  6.2
Slings         | 1 2 3 4 5 6 |  6.2
Bows           | 1 2 3 4 5 6 |  6.2
Crossbows      | 1 2 3 4 5 6 |  6.2
Throwing       | 1 2 3 4 5 6 |  6.2
Dodging        | 1 2 3 4 5 6 |  6.2
Stealth        | 1 2 3 4 5 6 |  6.2
Unarmed Combat | 1 2 3 4 5 6 |  6.2
Spellcasting   | 1 2 3 4 5 6 |  6.2
Evocations     | 1 2 3 4 5 6 |  6.2
Conjurations   | 1 2 3 4 5 |  5.1
Hexes          | 1 2 3 4 5 |  5.1
Summonings     | 1 2 3 4 5 |  5.1
Necromancy     | 1 2 3 4 5 |  5.1
Translocations | 1 2 3 4 5 |  5.1
Transmutations | 1 2 3 4 5 |  5.1
Fire Magic     | 1 2 3 4 5 |  5.1
Ice Magic      | 1 2 3 4 5 |  5.1
Air Magic      | 1 2 3 4 5 |  5.1
Earth Magic    | 1 2 3 4 5 |  5.1
Poison Magic   | 1 2 3 4 5 |  5.1
Axes           | 5 6 7 |  7.8
Fighting       | 7 8 9 |  9.1
Armour         | 7 8 9 |  9.1
Shields        | 7 8 9 |  9.1

Action                   |  1- 3 |  4- 6 |  7- 9 | 10-12 || total
-------------------------+-------+-------+-------+-------++-------
Melee: War axe           |   111 |   162 |   178 |    77 ||   528
       Bite              |     7 |    17 |    60 |    40 ||   124
       Short sword       |       |       |   196 |   149 ||   345
       Trident           |       |       |       |    89 ||    89
Throw: Stone             |     3 |     4 |    72 |    66 ||   145
       Dart              |       |       |     4 |     2 ||     6
       Boomerang         |       |       |       |     7 ||     7
Invok: Heroism           |       |       |       |     3 ||     3
  Use: Scroll            |     3 |       |    17 |     6 ||    26
       Potion            |       |       |     2 |     3 ||     5
Armor: Scale mail        |    61 |    26 |       |       ||    87
       Chain mail        |       |    67 |   199 |   209 ||   475
Dodge: Dodged            |    45 |    61 |   150 |   132 ||   388
Block: Buckler           |    34 |    46 |    95 |   107 ||   282
